Map: Eternal Empire LE

Players

Spatz

  • Race: Protoss Protoss
  • League: Master
  • Spawn Location: 1:00

ShoWTimE - Winner!

  • Race: Protoss Protoss
  • Spawn Location: 7:00

Event: DreamHack SC2 Masters 2020 Summer Europe

VOD

Have the link to the VOD?

Description

Time

  • Played on: June 28, 2020, 10:53 a.m.
  • Length: 11:14

All games in this series

Show
View Real Time Build Order
Export as new Build Order

Spatz Protoss 

Build Orders: Zealot Archon 

Get SALT Encoding   

  12  0:00  Probe  
  13  0:13  Probe  
  14  0:17  Pylon  
  14  0:23  Probe  
  15  0:31  Probe  
  16  0:38  Gateway  
  16  0:39  Probe  
  16  0:46  Assimilator  
  17  0:51  Probe  
  17  0:54  Assimilator  
  18  1:00  Probe  
  19  1:07  Gateway  
  19  1:08  Probe  
  19  1:18  Probe  
  20  1:25  Cybernetics Core  
  21  1:30  Probe  
  22  1:36  Pylon  
  22  1:42  Probe  
  23  1:54  Probe  
  24  2:02  Stalker, Warp Gate  
  24  2:03  Sentry  
  24  2:07  Probe  
  29  2:14  Pylon  
  29  2:20  Probe  
  30  2:24  Pylon  
  30  2:32  Stalker  
  32  2:37  Stalker  
  34  2:58  Nexus  
  34  3:05  Sentry  
  36  3:08  Stalker  
  38  3:15  Pylon  
  38  3:22  Pylon  
  38  3:23  Probe  
  39  3:38  Probe  
  40  3:42  Robotics Facility  
  40  3:46  Probe  
  40  3:51  Adept x2  
  40  3:55  Probe  
  46  4:06  Probe  
  46  4:07  Probe  
  46  4:09  Pylon  
  47  4:14  Probe  
  48  4:19  Forge, Probe  
  48  4:22  Probe  
  50  4:27  Probe  
  50  4:29  Observer  
  50  4:31  Probe  
  53  4:35  Probe  
  54  4:39  Probe  
  56  4:45  Probe  
  56  4:50  Probe  
  56  4:51  Assimilator, Twilight Council  
  56  4:52  Protoss Ground Weapons Level 1  
  58  4:55  Assimilator  
  58  4:56  Immortal  
  58  4:57  Probe  
  59  5:02  Probe  
  64  5:10  Probe  
  65  5:15  Probe  
  64  5:22  Probe  
  64  5:26  Pylon  
  64  5:27  Probe  
  66  5:31  Nexus  
  66  5:37  Immortal  
  70  5:42  Pylon  
  70  5:44  Probe  
  70  5:46  Probe  
  70  5:47  Charge  
  72  5:56  Probe  
  71  5:58  Probe  
  71  6:00  Adept x2  
  76  6:06  Pylon  
  76  6:08  Gateway  
  76  6:10  Gateway  
  76  6:12  Probe  
  76  6:13  Probe  
  78  6:24  Warp Prism  
  80  6:29  Pylon  
  80  6:36  Gateway  
  80  6:38  Gateway  
  80  6:40  Templar Archives, Probe  
  80  6:42  Probe  
  82  6:47  Protoss Ground Weapons Level 2  
  82  6:52  Probe  
  82  6:53  Probe  
  84  6:54  Probe  
  84  6:58  Zealot x2  
  84  7:00  Shield Battery  
  85  7:03  Pylon  
  85  7:04  Probe  
  85  7:06  Probe  
  87  7:11  Probe  
  88  7:16  High Templar x2  
  88  7:18  Gateway  
  88  7:20  Gateway, Archon  
  88  7:22  Probe x2  
  93  7:25  High Templar x2  
  93  7:28  Shield Battery  
  97  7:30  Archon  
  97  7:37  Gateway x2  
  97  7:39  Dark Shrine  
  97  7:43  High Templar x2  
  101  7:48  Archon  
  101  7:49  Zealot x2  
  101  7:50  Assimilator  
  105  7:52  Pylon  
  105  7:53  Probe  
  105  7:57  Assimilator, Probe  
  107  8:06  Zealot x2  
  111  8:13  Gateway, Zealot x4  
  111  8:18  Zealot x2  
  123  8:31  Zealot  
  125  8:35  Pylon  
  125  8:38  Pylon x2  
  125  8:41  Pylon  
  125  8:44  Zealot  
  121  8:55  Zealot x8  
  114  8:56  Shadow Stride  
  114  8:57  Probe  
  114  8:58  Probe  
  116  9:08  Dark Templar x2  
  118  9:10  Observer  
  118  9:15  Dark Templar x4  
  119  9:20  Probe  
  117  9:39  Dark Templar x3  
  123  9:51  Probe  
  118  9:53  Probe  
  118  9:55  Dark Templar x5  
  118  9:59  Probe  
  130  10:03  Probe  
  131  10:07  Probe  
  131  10:11  Observer, Probe  
  133  10:20  Zealot  
  133  10:21  Zealot x4  
  144  10:30  Photon Cannon  
  144  10:32  Photon Cannon  
  144  10:34  Dark Templar x5  
  97  10:52  Zealot x5  
Show
View Real Time Build Order
Export as new Build Order

ShoWTimE Protoss - Winner!

Build Orders: Phoenix Opening, Zealot Archon 

Get SALT Encoding   

  12  0:00  Probe  
  13  0:12  Probe  
  14  0:17  Pylon  
  14  0:23  Probe  
  15  0:31  Probe  
  15  0:36  Gateway  
  15  0:40  Probe  
  16  0:46  Assimilator  
  17  0:51  Probe  
  17  0:55  Assimilator  
  18  0:59  Probe  
  19  1:08  Probe  
  19  1:12  Gateway  
  19  1:17  Probe  
  20  1:25  Cybernetics Core  
  21  1:29  Probe  
  22  1:36  Pylon  
  22  1:41  Probe  
  24  1:54  Probe  
  24  2:01  Stalker x2, Warp Gate  
  28  2:06  Probe  
  29  2:15  Pylon  
  29  2:31  Sentry  
  29  2:34  Sentry  
  33  2:44  Probe  
  33  2:45  Nexus  
  34  2:52  Probe  
  35  2:59  Sentry  
  35  3:01  Probe  
  35  3:02  Pylon  
  38  3:06  Phoenix  
  38  3:09  Probe  
  38  3:11  Shield Battery  
  38  3:17  Probe  
  39  3:26  Twilight Council  
  40  3:27  Probe  
  41  3:40  Probe  
  42  3:51  Stalker x2, Phoenix  
  42  3:52  Probe  
  47  3:55  Probe  
  48  4:03  Probe  
  48  4:04  Probe  
  48  4:05  Blink  
  50  4:11  Probe  
  50  4:16  Probe  
  52  4:17  Forge  
  52  4:19  Protoss Ground Weapons Level 1  
  52  4:22  Shield Battery  
  52  4:23  Probe  
  53  4:28  Probe  
  53  4:30  Assimilator  
  54  4:36  Probe  
  55  4:39  Gateway x2  
  55  4:40  Probe  
  56  4:46  Shield Battery  
  56  4:52  Pylon  
  56  4:55  Probe  
  56  4:56  Probe  
  56  4:57  Phoenix  
  57  5:04  Stalker  
  59  5:09  Shield Battery  
  58  5:15  Probe x2  
  60  5:22  Robotics Facility  
  60  5:25  Nexus  
  60  5:27  Probe x2  
  62  5:35  Pylon  
  62  5:38  Phoenix  
  62  5:39  Probe x2  
  62  5:40  Stalker x2  
  68  5:47  Stalker  
  70  5:51  Pylon  
  70  5:53  Probe x2  
  72  6:03  Gateway x2  
  72  6:05  Probe x2  
  72  6:06  Charge  
  72  6:10  Observer  
  75  6:11  Gateway  
  75  6:14  Gateway  
  75  6:17  Probe x2  
  77  6:26  Immortal  
  77  6:28  Assimilator  
  77  6:29  Probe  
  77  6:32  Assimilator  
  78  6:35  Pylon  
  78  6:37  Phoenix  
  82  6:42  Shield Battery  
  80  6:47  Stalker x2  
  80  6:53  Probe x2  
  85  6:55  Probe  
  86  7:04  Warp Prism  
  86  7:07  Templar Archives  
  88  7:10  Protoss Ground Weapons Level 2, Pylon  
  88  7:16  Zealot x2  
  92  7:23  Shield Battery, Probe x2  
  92  7:24  Probe  
  95  7:35  Probe x2  
  95  7:36  Probe  
  98  7:43  Probe x2  
  98  7:44  Probe  
  98  7:45  Assimilator, High Templar x4  
  109  7:51  Archon, Probe  
  109  7:52  Archon, Probe  
  109  7:55  Zealot x3  
  117  8:03  Pylon x2  
  117  8:05  Pylon  
  117  8:10  Pylon  
  117  8:19  Pylon  
  117  8:21  Immortal, Pylon  
  117  8:24  Pylon  
  121  8:28  High Templar x4  
  121  8:29  Zealot x2  
  121  8:32  Archon  
  121  8:33  Archon  
  133  8:34  Photon Cannon  
  133  8:36  Photon Cannon  
  132  8:42  Zealot x2  
  132  8:45  Pylon  
  136  8:52  Zealot x2  
  140  9:06  High Templar x4, Zealot  
  140  9:07  Zealot  
  152  9:10  Archon  
  152  9:11  Archon, Nexus  
  152  9:16  Observer  
  153  9:18  Stalker x2  
  157  9:26  Pylon  
  157  9:27  Zealot x2  
  157  9:39  Zealot  
  157  9:43  Zealot x5  
  163  9:54  Probe  
  164  10:01  High Templar x3  
  164  10:03  High Templar  
  164  10:04  Zealot x4  
  164  10:07  Archon x2  
  180  10:11  Pylon  
  180  10:13  Pylon  
  180  10:18  Photon Cannon  
  180  10:21  Observer  
  180  10:24  Zealot x2  
  180  10:26  Zealot x2  
  188  10:35  Robotics Bay  
  188  10:37  Robotics Facility  
  182  10:45  Zealot x4  
  178  10:57  Zealot x4  
Tags
 
Add a new tag
Caveats
  • Supply blocks, unpowered buildings, or Contaminate may cause inaccurate times.
  • Supply counts are checked every 10 seconds.